 Dungeon Crawl Stone Soup version 0.26.1-11-gd32895ea62 (webtiles) character file.

Game seed: 13175189166189630660

91 bnorton916 the Conjurer (level 4, -4/24 HPs)
             Began as a Deep Elf Conjurer on July 10, 2021.
             Killed from afar by Sigmund (11 damage)
             ... with a puff of flame
             ... on level 2 of the Dungeon.
             The game lasted 00:03:01 (1612 turns).

bnorton916 the Conjurer (Deep Elf Conjurer)         Turns: 1612, Time: 00:03:01

Health: -4/24      AC:  3    Str:  4    XL:     4   Next: 34%
Magic:  4/12       EV: 13    Int: 24    God:
Gold:   36         SH:  0    Dex: 13    Spells: 2/12 levels left

rFire    . . .     SeeInvis .   (no weapon)
rCold    . . .     Faith    .   (no shield)
rNeg     . . .     Spirit   .   a - +0 robe
rPois    .         Reflect  .   (no helmet)
rElec    .         Harm     .   h - +0 cloak (curse)
rCorr    .         Rampage  .   (no gloves)
Will     .....                  (no boots)
Stlth    ++........             (no amulet)
HPRegen  0.08/turn              (no ring)
MPRegen  0.13/turn              (no ring)

@: no status effects
A: no striking features
a: no special abilities


You were on level 2 of the Dungeon.
You visited 1 branch of the dungeon, and saw 2 of its levels.

You collected 36 gold pieces.

Inventory:

Armour
 a - a +0 robe (worn)
 h - a cursed +0 cloak (worn)
Scrolls
 b - 2 scrolls of enchant armour {unknown}
 c - 4 scrolls of identify {unknown}
 e - a scroll of teleportation {unknown}
 i - a scroll of amnesia {unknown}
Potions
 d - a potion of berserk rage {unknown}
 f - a potion of curing
 g - a potion of resistance {unknown}


   Skills:
 - Level 2.4 Dodging
 - Level 2.4 Stealth
 + Level 4.9 Spellcasting
 + Level 5.5 Conjurations
 + Level 0.1 Hexes


You had 2 spell levels left.
You knew the following spells:

 Your Spells              Type           Power        Failure   Level
a - Magic Dart            Conj           100%         1%          1
b - Searing Ray           Conj           64%          1%          2
c - Dazzling Flash        Conj/Hex       38%          9%          3
d - Fulminant Prism       Conj/Hex       9%           28%         4

Your spell library contained the following spells:

 Spells                   Type           Power        Failure   Level
 Iskenderun's Mystic Bla  Conj/Tloc      19%          28%         4


Dungeon Overview and Level Annotations

Branches:
Dungeon (2/15)

Altars:

Annotations:
D:2 Sigmund


Message History

Unknown command.
Casting: Searing Ray (safe; 1% risk of failure)
Confirm with . or Enter, or press ? or * to list all spells.
The spell is quite dangerous to cast (9% risk of failure)!
Continue anyway?
Sigmund gestures at himself while chanting.
Sigmund flickers and vanishes!
Deactivating autopickup; reactivate with Ctrl-A.
Unknown command.
You see here a leopard gecko corpse.
A magic dart appears from out of thin air!
The magic dart hits you.
A magic dart appears from out of thin air!
The magic dart hits you.
* * * LOW HITPOINT WARNING * * *
A puff of flame appears from out of thin air!
The puff of flame misses you.
You see here 2 stones.
A puff of flame appears from out of thin air!
The puff of flame hits you!
You die...

### ..### ....#
############### ..#.##
#........g....#
.....#####
#.###########.#
.........#######@#####
#.#
.....###..{..).......#
#.##
.......)......(..###.#
#..#
...........####### #.#
##.# ...#######.#
#######.# #.# ##.# #.#
#.......# #(# #.# #.#
#.####### #.# #.#
##.###.# #.# #...##.#
#.#


There were no monsters in sight!

Vanquished Creatures
  5 gnolls
  A worm (D:2)
  A dart slug (D:1)
  2 leopard geckos
  2 ball pythons
  2 bats (D:1)
  2 giant cockroaches (D:1)
  A goblin (D:1)
  5 hobgoblins
  5 jackals
  A frilled lizard (D:1)
  6 kobolds
  2 rats
35 creatures vanquished.

Notes
Turn   | Place    | Note
-------+----------+-------------------------------------------
     0 | D:1      | bnorton916 the Deep Elf Conjurer began the quest for the
                  | Orb.
     0 | D:1      | Reached XP level 1. HP: 10/10 MP: 6/6
   240 | D:1      | Reached XP level 2. HP: 15/15 MP: 5/8
   799 | D:1      | Reached skill level 5 in Conjurations
   799 | D:1      | Reached XP level 3. HP: 19/19 MP: 5/10
  1245 | D:2      | Reached XP level 4. HP: 24/24 MP: 5/12
  1361 | D:2      | Learned a level 2 spell: Searing Ray
  1365 | D:2      | Learned a level 3 spell: Dazzling Flash
  1370 | D:2      | Learned a level 4 spell: Fulminant Prism
  1583 | D:2      | Noticed Sigmund
  1612 | D:2      | Killed from afar by Sigmund

Illustrated notes

Levels and vault maps discovered:
D:1:      amcnicky_arrival_blooded_trapdoor, layout_basic,
          minmay_misc_feat_rugged
D:2:      layout_loops_ring, nemelex_xobeh_ov_fountains_minmay, uniq_sigmund,
          uniq_terence

Skill      XL: |  1  2 |
---------------+-------+-----
Spellcasting   | 4 |  4.9
Conjurations   | 5 |  5.5
Dodging        | |  2.4
Stealth        | |  2.4
Hexes          | |  0.1

Action                   |  1- 3 |  4- 6 || total
-------------------------+-------+-------++-------
Melee: Unarmed           |     3 |       ||     3
 Cast: Magic Dart        |    68 |    21 ||    89
       Dazzling Flash    |       |     1 ||     1
       Searing Ray       |       |     1 ||     1
  Use: Potion            |       |     1 ||     1
Armor: Robe              |     3 |     1 ||     4
Dodge: Dodged            |     7 |     8 ||    15
